 Dungeon Crawl Stone Soup version 0.17-a0-2122-g03d97ec (webtiles) character file.

1249 4thArraOfDagon the Cleaver (level 8, -4/71 HPs)
             Began as a Minotaur Fighter on Oct 21, 2015.
             Was an Initiate of Trog.
             Slain by emiel's ghost (8 damage)
             ... on level 8 of the Dungeon.
             The game lasted 00:08:55 (1750 turns).

4thArraOfDagon the Cleaver (Minotaur Fighter)       Turns: 1750, Time: 00:08:56

Health: -4/71      AC: 10    Str: 21    XL:     8   Next: 26%
Magic:  7/7        EV:  6    Int:  7    God:    Trog [......]
Gold:   110        SH:  0    Dex: 10    Spells: 0 memorised, 7 levels left

rFire  . . .     SeeInvis .     a - +0 war axe
rCold  . . .     Clarity  .     s - +1 plate armour
rNeg   . . .     SustAt   .     (no shield)
rPois  .         Gourm    .     (helmet restricted)
rElec  .         Spirit   .     (no cloak)
rCorr  .         Warding  .     (no gloves)
rMut   .         Stasis   .     (no boots)
MR     .....                    (no amulet)
Stlth  ..........               (no ring)
                                (no ring)

@: corroded equipment, very slightly contaminated, starving, hasted, very quick,
not resistant to hostile enchantments, extremely unstealthy
A: retaliatory headbutt, horns 2
a: Burn Spellbooks, Renounce Religion


You were on level 8 of the Dungeon.
You worshipped Trog.
Trog was noncommittal.
You were starving.

You visited 1 branch of the dungeon, and saw 8 of its levels.
You also visited: Ossuary.

You collected 110 gold pieces.

Inventory:

Hand Weapons
 a - a +0 war axe (weapon)
Armour
 s - a +1 plate armour (worn)
Magical Staves
 i - an uncursed staff of wizardry {unknown}
Wands
 d - a wand of slowing (43)
Scrolls
 f - a scroll of amnesia
 g - a scroll of magic mapping
 h - 2 scrolls of remove curse
 j - 3 scrolls of identify
 u - a scroll of fog
Potions
 b - 3 potions of curing
 p - 2 potions of flight
 q - 2 potions of brilliance
Books
 k - a book of the Earth

   Spells                             Type                      Level
   a - Leda's Liquefaction            Hexes/Earth                  4
   b - Bolt of Magma                  Conjuration/Fire/Earth       5
   c - Statue Form                    Transmutation/Earth          6
   d - Iron Shot                      Conjuration/Earth            6
   e - Shatter                        Earth                        9
   Trog disapproves of the use of such an item.


   Skills:
 + Level 6.9 Fighting
 * Level 8.9 Axes
 + Level 7.0 Armour
   Level 3.6 Shields


You had 7 spell levels left.
You didn't know any spells.

Dungeon Overview and Level Annotations

Branches:
Dungeon (8/15)               Lair (0/8) D:8
 Temple: D:4-7

Altars:
Trog
Yredelemnul

Annotations:
D:5 4thArraOfDagon's ghost, amateur FoFi
D:6 zkyp's ghost, novice DsMo
D:8 emiel's ghost, novice MiGl


Innate Abilities, Weirdness & Mutations

You reflexively headbutt those who attack you in melee.
You have a pair of horns on your head.


Message History

Emiel's ghost is heavily damaged.
The jelly hits you but does no damage. Emiel's ghost hits you!
* * * LOW HITPOINT WARNING * * *
Unknown command.
Unknown command.
You hit the jelly but do no damage.
Your hands burn!
* * * LOW HITPOINT WARNING * * *
You hit emiel's ghost but do no damage.
Emiel's ghost is heavily damaged.
Unknown command.
Unknown command.
Unknown command.
Drink which item? (? for menu, Esc to quit)
You feel better. The jelly hits you.
* * * LOW HITPOINT WARNING * * *
You are splashed with acid!
The acid corrodes you!
The acid burns!
* * * LOW HITPOINT WARNING * * *
Emiel's ghost says, "Try not to bleed too much."
Emiel's ghost hits you!
You die...

###**## #..,,..
############.#**#.
#@W§......##.# #.
#J#######.##.####.
#.# #.##.##.#. #(#
#......... #.#
#.........
#.#*****#....##..#
#.........#####..#
#...J.....# #..#
#....[....# #..#


You could see a jelly and emiel's ghost.

Vanquished Creatures
  Grinder (D:3)
  A hungry ghost (D:8)
  2 black bears (D:7)
  8 water moccasin zombies (Ossuary)
  A hound (D:4)
  An orc priest (D:4)
  Jessica (D:3)
  2 worker ants
  Natasha (D:3)
  3 big kobold zombies (Ossuary)
  3 mummies
  An adder (D:4)
  A gnoll (D:1)
  An ooze (D:7)
  4 adder zombies (Ossuary)
  An adder skeleton (D:4)
  2 giant geckos
  3 orcs (D:4)
  2 ball pythons
  4 bats
  3 hobgoblins
  5 kobolds
  A quokka (D:3)
  A giant cockroach (D:4)
  A giant gecko skeleton (D:4)
  A giant newt (D:1)
  4 gnoll zombies (Ossuary)
  5 goblins
  2 hobgoblin zombies (Ossuary)
  7 jackals (D:2)
  6 kobold zombies (Ossuary)
  3 orc zombies
  3 rats
  A spectral orc (D:4)
86 creatures vanquished.

Vanquished Creatures (others)
  A hobgoblin zombie (Ossuary)
  2 kobold zombies (Ossuary)
3 creatures vanquished.

Grand Total: 89 creatures vanquished

Notes
Turn   | Place    | Note
--------------------------------------------------------------
     0 | D:1      | 4thArraOfDagon the Minotaur Fighter began the quest for the Orb.
     0 | D:1      | Reached XP level 1. HP: 19/19 MP: 0/0
   126 | D:1      | Reached XP level 2. HP: 10/27 MP: 1/1
   141 | D:1      | Reached skill level 4 in Fighting
   254 | D:2      | Reached XP level 3. HP: 23/33 MP: 2/2
   377 | D:3      | Noticed Grinder
   377 | D:3      | Paralysed by Grinder for 6 turns
   379 | D:3      | Noticed Natasha
   380 | D:3      | Noticed Jessica
   388 | D:3      | Killed Natasha
   388 | D:3      | Reached XP level 4. HP: 18/40 MP: 3/3
   390 | D:3      | Paralysed by Grinder for 2 turns
   394 | D:3      | Killed Jessica
   399 | D:3      | Paralysed by Grinder for 2 turns
   404 | D:3      | Paralysed by Grinder for 3 turns
   415 | D:3      | Killed Grinder
   415 | D:3      | Reached skill level 5 in Fighting
   415 | D:3      | Reached skill level 5 in Axes
   415 | D:3      | Reached skill level 5 in Armour
   415 | D:3      | Reached XP level 5. HP: 10/48 MP: 4/4
   415 | D:3      | Reached XP level 6. HP: 11/56 MP: 5/5
   451 | D:4      | Found a basalt altar of Yredelemnul.
   483 | D:4      | Reached skill level 6 in Axes
   657 | D:4      | Found a sand-covered staircase.
   677 | Ossuary  | Entered an ossuary
   812 | Ossuary  | Reached XP level 7. HP: 11/61 MP: 6/6
   959 | Ossuary  | Reached skill level 7 in Axes
  1235 | Ossuary  | Reached skill level 8 in Axes
  1298 | D:5      | Entered Level 5 of the Dungeon
  1311 | D:5      | Noticed 4thArraOfDagon's ghost (amateur FoFi)
  1346 | D:6      | Noticed zkyp's ghost (novice DsMo)
  1516 | D:7      | Found a bloodstained altar of Trog.
  1554 | D:7      | hmm
  1569 | D:7      | Became a worshipper of Trog the Wrathful
  1574 | D:7      | no zerk?
  1580 | D:7      | Reached XP level 8. HP: 58/71 MP: 7/7
  1670 | D:8      | Noticed emiel's ghost (novice MiGl)
  1750 | D:8      | Slain by emiel's ghost

Vault maps used:
D:1:      dpeg_cavernosity
D:2:      first_bread
D:3:      lemuel_doored_altar, uniq_jessica, uniq_natasha, uniq_grinder
D:4:      yredelemnul_forgotten_temple_becter, nicolae_ossuary_entry_giza,
          kennysheep_generic_room_12
D:5:      lemuel_round_altar, nemelex_deck
D:7:      trog_ov_bears_minmay, gammafunk_temple_overflow_pools,
          minmay_temple_entry_poolview, serial_shops, shop
D:8:      dpeg_oklobed_lair, grunt_decor_arrowhead, uniq_psyche
Ossuary:  ossuary_tomb_2

Action                   |  1- 3 |  4- 6 |  7- 9 || total
-------------------------+-------+-------+-------++-------
Melee: War axe           |    53 |    67 |   134 ||   254
  Use: Potion            |     3 |     4 |     5 ||    12
       Scroll            |       |       |    15 ||    15
  Eat: Bread ration      |       |       |     2 ||     2
       Beef jerky        |       |       |     1 ||     1
